 Dungeon Crawl Stone Soup version 0.17.0-28-g6e173f8 (webtiles) character file.

12378 septik the Bludgeoner (level 11, -3/64 HPs)
             Began as a Gargoyle Fighter on Nov 26, 2015.
             Was a High Priest of Okawaru.
             Killed from afar by an ice statue (14 damage)
             ... with a shard of ice
             ... in an ice cave.
             The game lasted 00:23:50 (11322 turns).

septik the Bludgeoner (Gargoyle Fighter)           Turns: 11322, Time: 00:23:50

Health: -3/64      AC: 28    Str: 27    XL:     11   Next: 92%
Magic:  15/17      EV: 12    Int:  8    God:    Okawaru [*****.]
Gold:   932        SH:  6    Dex: 15    Spells: 0 memorised, 10 levels left

rFire  x . .     SeeInvis .     P - +0 flail (venom)
rCold  + . .     Clarity  .     f - +0 chain mail
rNeg   + . .     SustAt   .     Q - +0 buckler
rPois  ∞         Gourm    .     w - +2 helmet
rElec  +         Spirit   .     G - +1 cloak
rCorr  .         Warding  .     H - +1 pair of gloves "Gainude" {Dex+6}
rMut   .         Stasis   .     y - +0 pair of boots
MR     .....                    (no amulet)
Stlth  ..........               O - ring of ice
                                v - +3 ring of strength

@: heroism, not resistant to hostile enchantments, extremely unstealthy
A: negative energy resistance 1, electricity resistance, unbreathing,
petrification resistance, rot immunity, AC +7
a: Heroism, Finesse, Renounce Religion


You were in an ice cave.
You worshipped Okawaru.
Okawaru was extremely pleased with you.
You were hungry.

You visited 3 branches of the dungeon, and saw 12 of its levels.
You also visited: Ice Cave.

You collected 932 gold pieces.

Inventory:

Hand Weapons
 a - a +0 flail
 A - a +1 whip of flaming
 J - a +0 blowgun
 P - a +0 flail of venom (weapon)
 W - the +4 battleaxe of Courage {chop, Int+5}
   (Okawaru gifted it to you on level 10 of the Dungeon)

   It inflicts extra damage upon your enemies.
   It affects your intelligence (+5).
Missiles
 n - 320 stones (quivered)
 I - 34 poisoned needles
 V - 4 throwing nets
Armour
 c - a +0 shield
 f - a +0 chain mail (worn)
 w - a +2 helmet (worn)
 y - a +0 pair of boots (worn)
 G - a +1 cloak (worn)
 H - the +1 pair of gloves "Gainude" (worn) {Dex+6}
   (You found it on level 5 of the Dungeon)

   It affects your dexterity (+6).
 Q - a +0 buckler (worn)
Jewellery
 g - an uncursed amulet of rage
 v - a +3 ring of strength (left hand)
 K - a +3 ring of strength
 M - an uncursed ring of flight
 O - a ring of ice (right hand)
Wands
 S - a wand of slowing (47)
Scrolls
 i - 2 scrolls of fog
 j - 2 scrolls of amnesia
 l - 8 scrolls of identify
 m - 2 scrolls of remove curse
 o - a scroll of enchant armour
 q - 2 scrolls of recharging
 r - 3 scrolls of teleportation
 u - a scroll of magic mapping
 D - a scroll of noise {unknown}
 E - 2 scrolls of fear {unknown}
 F - 5 scrolls of enchant weapon {unknown}
 R - a scroll of random uselessness {unknown}
Potions
 d - a potion of might
 h - a potion of cancellation
 k - 2 potions of magic
 s - 2 potions of resistance
 t - 2 potions of lignification
 x - 3 potions of curing
 z - 2 potions of brilliance
 C - 2 potions of haste
 L - a potion of flight {unknown}
 N - a potion of degeneration {unknown}
Miscellaneous
 T - a disc of storms
 U - a phantom mirror
Comestibles
 b - 6 beef jerkies
 e - 9 bread rations
 p - 15 fruits


   Skills:
 - Level 5.2(10.2) Fighting
 - Level 15.0(20.0) Maces & Flails
 - Level 4.2(9.2) Armour
 - Level 1.8(6.8) Dodging
 - Level 4.4(9.4) Shields
 + Level 9.2 Invocations


You had 10 spell levels left.
You didn't know any spells.

Dungeon Overview and Level Annotations

Branches:
Dungeon (10/15)            Temple (1/1) D:5            Lair (1/8) D:10
    Orc (0/4) D:9

Altars:
Ashenzari
Cheibriados
Elyvilon
Fedhas
Kikubaaqudgha
Makhleb
Nemelex Xobeh
Okawaru
Qazlal
Ru
Sif Muna
Trog
Xom
Yredelemnul
Zin
The Shining One

Shops:
D:5 !

Annotations:
D:5 cure mut potion, skk's ghost, novice MiGl IceCv exclusion: 3 ice statues


Innate Abilities, Weirdness & Mutations

You are resistant to torment.
Your stone body is resilient (AC +7).
You are immune to poison.
You resist negative energy.
You are resistant to electric shocks.
You can survive without breathing.
You are immune to petrification.
You are immune to rotting.


Message History

You block the ice beast's attack.
The ice statue glitters chillingly in the dim dungeon light.
You block the ice beast's attack.
The ice beast hits you but does no damage.
You hit the ice statue but do no damage.
The ice beast hits you. The ice beast freezes you! You resist.
The ice beast closely misses you.
You completely miss the ice statue. The ice beast barely misses you.
The ice statue glitters chillingly in the dim dungeon light.
The ice beast hits you but does no damage.
The ice beast hits you.
* * * LOW HITPOINT WARNING * * *
The ice beast freezes you! You resist.
* * * LOW HITPOINT WARNING * * *
You gain the combat prowess of a mighty hero.
You feel slightly more hungry. You block the ice beast's attack.
You block the ice beast's attack. The ice statue throws ice at you.
The shard of ice hits you! You partially resist.
You die...

##.....##
##.......##
#.........#
#.........#
#.........#
#).......(#
#.........#
#####.#####
#8..Y..Y@8#
#......YYY#
#.......Y.#
#.......§.#
#.........#
##....Y..##
##.....##
###8###


You could see 3 ice statues and 7 ice beasts.

Vanquished Creatures
  Fannar (D:10)
  Harold (D:10)
  A hydra (Lair:1)
  An unseen horror (D:9)
  A black mamba (Lair:1)
  An elephant (D:10)
  A two-headed ogre (D:8)
  2 trolls
  Sigmund (D:6)
  7 yaks (D:10)
  A wyvern (D:10)
  A deep elf mage (D:10)
  3 hungry ghosts
  A basilisk (Lair:1)
  Menkaure (D:6)
  Edmund (D:6)
  2 orc warriors
  2 black bears
  2 phantoms
  17 ice beasts
  An eye of draining (D:10)
  5 ogres
  4 centaurs
  2 crocodiles (D:10)
  5 big kobolds
  2 necrophages
  8 giant frogs
  A wyvern zombie (D:6)
  3 scorpions
  5 wights
  3 giant frog zombies
  A wasp zombie (D:4)
  2 crimson imps
  2 hounds (D:10)
  2 quasits
  A centaur zombie (D:8)
  3 jellies
  6 worker ants
  7 orc priests
  Ijyb (D:2)
  4 giant frog skeletons
  2 centaur skeletons
  5 iguanas
  Natasha (twice) (D:4)
  10 orc wizards
  A sheep (D:10)
  A hound skeleton (D:4)
  A worker ant zombie (D:5)
  Robin (D:2)
  3 gnolls (D:2)
  10 adders
  2 shadow imps
  2 oozes (D:2)
  3 worms
  An adder skeleton (D:7)
  4 giant geckos
  34 orcs
  6 bats
  6 giant cockroaches
  21 goblins
  9 hobgoblins
  5 jackals
  5 quokkas
  3 ball pythons
  9 giant newts
  2 jackal skeletons
  2 jackal zombies (D:8)
  25 kobolds
  A quokka skeleton (D:6)
  10 rats
302 creatures vanquished.

Vanquished Creatures (others)
  A fungus (Lair:1)
  A plant (D:6)
2 creatures vanquished.

Grand Total: 304 creatures vanquished

Notes
Turn   | Place    | Note
--------------------------------------------------------------
     0 | D:1      | septik the Gargoyle Fighter began the quest for the Orb.
     0 | D:1      | Reached XP level 1. HP: 14/14 MP: 1/1
   124 | D:1      | Reached XP level 2. HP: 19/19 MP: 2/2
   394 | D:1      | Reached XP level 3. HP: 23/23 MP: 3/3
   841 | D:2      | Found a shimmering altar of Xom.
   841 | D:2      | Found a burning altar of Makhleb.
   925 | D:2      | Reached skill level 4 in Maces & Flails
  1098 | D:2      | Reached XP level 4. HP: 28/28 MP: 4/4
  1232 | D:2      | Noticed Robin
  1254 | D:2      | Killed Robin
  1384 | D:2      | Reached skill level 5 in Maces & Flails
  1401 | D:2      | Reached XP level 5. HP: 30/32 MP: 5/5
  1493 | D:2      | Noticed Ijyb
  1542 | D:2      | Killed Ijyb
  2049 | D:3      | Found a stormy altar of Qazlal.
  2419 | D:4      | Noticed a phantom
  2477 | D:4      | Killed a phantom
  2477 | D:4      | Reached skill level 6 in Maces & Flails
  2477 | D:4      | Reached XP level 6. HP: 23/37 MP: 6/6
  2715 | D:4      | Noticed Natasha
  2756 | D:4      | Killed Natasha
  2756 | D:4      | Reached skill level 7 in Maces & Flails
  2882 | D:4      | Noticed Natasha
  2882 | D:4      | Reached XP level 7. HP: 41/41 MP: 7/7
  2895 | D:4      | Killed Natasha
  2928 | D:4      | Noticed a hungry ghost
  2947 | D:4      | Killed a hungry ghost
  2947 | D:4      | Reached skill level 8 in Maces & Flails
  3649 | D:5      | Entered Level 5 of the Dungeon
  3803 | D:5      | Found Amugoil's Distillery.
  3943 | D:5      | Noticed a moth of wrath
  3945 | D:5      | Noticed skk's ghost (novice MiGl)
  4531 | D:5      | Got a pair of transparent gloves
  4535 | D:5      | Found a staircase to the Ecumenical Temple.
  4541 | Temple   | Entered the Ecumenical Temple
  4597 | Temple   | Became a worshipper of Warmaster Okawaru
  4970 | D:6      | Reached skill level 9 in Maces & Flails
  4970 | D:6      | Reached XP level 8. HP: 41/46 MP: 8/8
  5515 | D:6      | Reached skill level 10 in Maces & Flails
  5561 | D:6      | Found a blossoming altar of Fedhas.
  5575 | D:6      | Reached * piety under Okawaru
  5584 | D:6      | Noticed Menkaure
  5593 | D:6      | Killed Menkaure
  5596 | D:6      | Noticed Sigmund
  5818 | D:6      | Killed Sigmund
  5831 | D:6      | Reached skill level 11 in Maces & Flails
  5925 | D:6      | Noticed Edmund
  5936 | D:6      | Killed Edmund
  5936 | D:6      | Reached XP level 9. HP: 51/51 MP: 9/9
  6310 | D:6      | Reached ** piety under Okawaru
  6816 | D:7      | Identified the +1 pair of gloves "Gainude" {Dex+6} (You found it on level 5 of the Dungeon)
  6847 | D:7      | Reached skill level 12 in Maces & Flails
  7059 | D:7      | Found a white marble altar of Elyvilon.
  7602 | D:8      | Reached skill level 13 in Maces & Flails
  7748 | D:8      | Reached *** piety under Okawaru
  7896 | D:8      | Reached XP level 10. HP: 29/56 MP: 10/10
  8089 | D:8      | Found a snail-covered altar of Cheibriados.
  8531 | D:9      | Reached skill level 14 in Maces & Flails
  8587 | D:9      | Found a bloodstained altar of Trog.
  8688 | D:9      | Reached **** piety under Okawaru
  8920 | D:9      | Found a sacrificial altar of Ru.
  9188 | D:9      | Found a staircase to the Orcish Mines.
  9283 | D:9      | Killed an unseen horror
  9283 | D:9      | Reached skill level 15 in Maces & Flails
  9312 | D:10     | Entered Level 10 of the Dungeon
  9713 | D:10     | Reached skill level 1 in Dodging
  9750 | D:10     | Noticed Fannar
  9772 | D:10     | Reached ***** piety under Okawaru
  9843 | D:10     | Killed Fannar
  9843 | D:10     | Reached skill level 5 in Fighting
  9843 | D:10     | Reached XP level 11. HP: 62/64 MP: 11/11
  9894 | D:10     | Found a staircase to the Lair.
  9895 | D:10     | Noticed an elephant
  9908 | D:10     | Killed an elephant
  9908 | D:10     | Reached skill level 1 in Invocations
 10108 | D:10     | Noticed Harold
 10126 | D:10     | Killed Harold
 10387 | D:10     | Reached skill level 5 in Invocations
 10409 | D:10     | Received a gift from Okawaru
 10422 | D:10     | Got a jewelled battleaxe {god gift}
 10428 | D:10     | Identified the +4 battleaxe of Courage {chop, Int+5} (Okawaru gifted it to you on level 10 of the Dungeon)
 10790 | Lair:1   | Entered Level 1 of the Lair of Beasts
 10797 | Lair:1   | Noticed a six-headed hydra
 10817 | Lair:1   | Killed a six-headed hydra
 10936 | Lair:1   | Found a frozen archway.
 11072 | IceCv    | Entered an ice cave
 11322 | IceCv    | Killed from afar by an ice statue

Action                   |  1- 3 |  4- 6 |  7- 9 | 10-12 || total
-------------------------+-------+-------+-------+-------++-------
Melee: Flail             |   171 |   249 |   459 |   563 ||  1442
Throw: Stone             |       |       |       |     1 ||     1
Invok: Heroism           |       |       |     3 |     5 ||     8
       Finesse           |       |       |       |     1 ||     1
  Use: Scroll            |       |       |     8 |     8 ||    16
       Potion            |       |       |     1 |       ||     1
  Eat: Chunk             |     1 |     6 |    16 |    14 ||    37
       Beef jerky        |       |       |     2 |       ||     2
       Meat ration       |       |       |     1 |     1 ||     2
